 Dungeon Crawl Stone Soup version 0.32-a0-918-g0f22ef8d61 (webtiles) character file.

Game seed: 6491929169184823515

966 Fodor the Chopper (level 7, -12/62 HPs)
             Began as a Minotaur Fighter on Apr 11, 2024.
             Mangled by a two-headed ogre
             ... wielding a +0 giant club
              (18 damage)
             ... on level 5 of the Dungeon.
             The game lasted 00:11:52 (4117 turns).

Fodor the Chopper (Minotaur Fighter)                Turns: 4117, Time: 00:11:55

Health: -12/62     AC: 15    Str: 23    XL:     7   Next: 93%
Magic:  6/6        EV:  6    Int:  5    God:
Gold:   251        SH:  4    Dex:  9    Spells: 6/6 levels left

rFire   . . .        a - +0 war axe
rCold   . . .        c - +0 buckler
rNeg    . . .        b - +0 plate armour
rPois   .            (helmet restricted)
rElec   .            f - +0 cloak
rCorr   .            (no gloves)
SInv    .            g - +0 pair of boots
Will    .....        (no amulet) Stlth
                     (no ring)
HPRegen 0.30/turn    (no ring)
MPRegen 0.10/turn

%: no passive effects
@: no status effects
A: horns 2, retaliatory headbutt
a: no special abilities


You were on level 5 of the Dungeon.
You visited 1 branch of the dungeon, and saw 5 of its levels.

You collected 317 gold pieces.
You spent 66 gold pieces at shops.

Inventory:

Hand Weapons
 a - a +0 war axe (weapon)
Missiles
 o - 4 poisoned darts (quivered)
Armour
 b - a +0 plate armour (worn)
 c - a +0 buckler (worn)
 f - a +0 cloak (worn)
 g - a +0 pair of boots (worn)
Jewellery
 j - a ring of wizardry
 k - a ring of magical power
 w - a ring of wizardry
Talismans
 n - a blade talisman
 t - a granite talisman
Wands
 s - a wand of flame (9)
Scrolls
 h - 2 scrolls of fog
 l - a scroll of fear
 q - 5 scrolls of immolation
 r - a scroll of amnesia
 v - a scroll of vulnerability
 x - a scroll of brand weapon {unknown}
Potions
 d - 3 potions of might
 e - 2 potions of brilliance
 i - a potion of curing
 m - 3 potions of attraction
 p - a potion of mutation {unknown}
 u - a potion of haste {unknown}


   Skills:
 + Level 5.8 Fighting
 + Level 7.2 Axes
 + Level 0.6 Throwing
 + Level 6.6 Armour
 + Level 1.6 Dodging
 + Level 0.2 Stealth
 + Level 5.1 Shields


You had 6 spell levels left.
You didn't know any spells.
Your spell library was empty.

Dungeon Overview and Level Annotations

Branches:
Dungeon (5/15)
 Temple: D:4-7

Altars:
Sif Muna

Shops:
D:4 *   D:5 (?


Innate Abilities, Weirdness & Mutations

You have a pair of horns on your head.
You reflexively headbutt those who attack you in melee.


Message History

The scorpion poisons you!
A two-headed ogre comes into view. It is wielding two +0 giant clubs.
The scorpion closely misses you. You furiously retaliate!
You headbutt the scorpion.
Unknown command.
The two-headed ogre shouts in stereo!
You slash the scorpion!
You kill the scorpion!
You feel very sick.
You hit the two-headed ogre but do no damage.
Your headbutt misses the two-headed ogre.
You feel sick.
You hit the two-headed ogre but do no damage.
You headbutt the two-headed ogre!
The two-headed ogre is lightly wounded.
You feel sick.
A quokka comes into view.
The two-headed ogre barely misses you. You furiously retaliate!
You headbutt the two-headed ogre!
The two-headed ogre hits you with a +0 giant club.
You closely miss the two-headed ogre. You headbutt the two-headed ogre.
The two-headed ogre is moderately wounded.
You feel sick.
A gnoll comes into view. It is wielding a +0 spear.
The two-headed ogre hits you with a +0 giant club! x2
* * * LOW HITPOINT WARNING * * *
The gnoll shouts!
You feel better.
The gnoll hits you from afar with a +0 spear.
You feel better. You block the gnoll's attack.
The two-headed ogre hits you with a +0 giant club!
* * * LOW HITPOINT WARNING * * *
The two-headed ogre hits you but does no damage.
You barely miss the two-headed ogre.
The two-headed ogre is moderately wounded.
You block the gnoll's attack.
The two-headed ogre hits you with a +0 giant club!
* * * LOW HITPOINT WARNING * * *
The two-headed ogre hits you with a +0 giant club!!
You die...

.........#+##.......#
#...
.........#..#.......#
#...
.........#..#.......#
#...
.........#..#.......#
#...
....o...............#
#...
....####.....####...#
#... ... ##...##
#...####... # ##$##
#.#........ #@#
#.#........ #O#'
..#........ #.rg#
...#........
...ßr...............
###...###......######
'#.#' ##.....'
..#.#.. ##....#
.##.##. .# ... #.


You could see a two-headed ogre, a gnoll and 2 quokkas.

Vanquished Creatures
  An ice beast (D:5)
  An ogre (D:4)
  4 scorpions
  A gnoll sergeant (D:4)
  A bombardier beetle (D:5)
  A jelly (D:5)
  A gnoll bouda (D:5)
  Jessica (D:3)
  2 orc wizards (D:5)
  Natasha (twice) (D:3)
  Ijyb (D:3)
  9 gnolls
  6 adders
  A white imp (D:5)
  5 dart slugs
  A ribbon worm (D:4)
  4 orcs
  7 ball pythons
  6 bats
  9 endoplasms
  3 giant cockroaches
  6 goblins
  6 hobgoblins
  7 jackals
  11 kobolds
  4 quokkas
  4 frilled lizards
  3 rats
108 creatures vanquished.

Notes
Turn   | Place    | Note
-------+----------+-------------------------------------------
     0 | D:1      | Fodor the Minotaur Fighter began the quest for the Orb.
     0 | D:1      | Reached XP level 1. HP: 19/19 MP: 0/0
   129 | D:1      | Reached XP level 2. HP: 27/27 MP: 1/1
   918 | D:2      | Found a shimmering blue altar of Sif Muna.
   936 | D:2      | Reached XP level 3. HP: 28/33 MP: 2/2
  1712 | D:3      | Reached skill level 3 in Axes
  1761 | D:3      | Noticed Natasha
  1764 | D:3      | Reached XP level 4. HP: 40/41 MP: 3/3
  1766 | D:3      | Killed Natasha
  1831 | D:3      | Noticed Ijyb
  1846 | D:3      | Killed Ijyb
  2032 | D:3      | Noticed a scorpion
  2033 | D:3      | Noticed Natasha
  2042 | D:3      | Killed Natasha
  2043 | D:3      | Reached skill level 5 in Armour
  2043 | D:3      | Reached XP level 5. HP: 43/47 MP: 4/4
  2054 | D:3      | Reached skill level 4 in Axes
  2132 | D:3      | Noticed Jessica
  2134 | D:3      | Killed Jessica
  2400 | D:4      | Reached skill level 1 in Dodging
  2505 | D:4      | Reached XP level 6. HP: 53/53 MP: 5/5
  2760 | D:4      | Reached skill level 5 in Axes
  2833 | D:4      | Found Laemusch's General Store.
  3032 | D:4      | Reached skill level 5 in Fighting
  3584 | D:5      | Entered Level 5 of the Dungeon
  3584 | D:5      | Found Godaerow's Magic Scroll Boutique.
  3586 | D:5      | Bought a scroll of identify for 22 gold pieces
  3586 | D:5      | Bought a scroll of identify for 22 gold pieces
  3586 | D:5      | Bought a scroll of identify for 22 gold pieces
  3670 | D:5      | Reached XP level 7. HP: 61/61 MP: 6/6
  3801 | D:5      | Reached skill level 6 in Axes
  4025 | D:5      | Found Raocass's Antique Weapon Boutique.
  4110 | D:5      | Reached skill level 7 in Axes
  4110 | D:5      | Reached skill level 5 in Shields
  4110 | D:5      | Noticed a two-headed ogre
  4117 | D:5      | Mangled by a two-headed ogre

Illustrated notes

Levels and vault maps discovered:
D:1:      elethiomel_arrival_infinity_welcomes_careful_drivers, layout_basic
D:2:      layout_rooms, basic_altar, amcnicky_mini_rare_corridor_liquid
D:3:      layout_loops_cross, uniq_jessica, uniq_ijyb, uniq_natasha
D:4:      kennysheep_six_static_rooms, layout_loops_corners, serial_shops,
          nicolae_take_the_stairs, nicolae_grassy_gnolls
D:5:      cheibrodos_barr_body, layout_gridville, serial_shops,
          nicolae_shop_tiny_glass, nicolae_shop_statue_plus,
          nicolae_shop_bloodbath_and_beyond, shop

Skill      XL: |  1  2  3  4  5  6  7 |
---------------+----------------------+-----
Shields        | 4 5 |  5.1
Armour         | 4 5 6 |  6.6
Fighting       | 4 5 |  5.8
Axes           | 3 4 5 7 |  7.2
Dodging        | 1 |  1.6
Throwing       | |  0.6
Stealth        | |  0.2

Action                     |  1- 3 |  4- 6 |  7- 9 || total
---------------------------+-------+-------+-------++-------
  Melee: War axe           |    65 |   112 |    63 ||   240
         Headbutt          |     7 |    19 |    11 ||    37
  Throw: Dart              |     5 |     2 |       ||     7
    Use: Scroll            |       |     8 |       ||     8
         Potion            |       |       |     2 ||     2
 Armour: Scale mail        |    72 |    85 |       ||   157
         Plate armour      |       |       |    68 ||    68
  Dodge: Dodged            |    32 |    55 |    24 ||   111
  Block: Buckler           |    28 |    20 |    18 ||    66

Table legend: (Time is in decaauts)
 A = Elapsed time spent in this place.
 B = Non-inter-level travel time spent in this place.
 C = Inter-level travel time spent in this place.
 D = Time resting spent in this place.
 E = Time spent auto-exploring this place.
 F = Levels seen in this place.
 G = Mean time per level.
                   A        B        C        D        E       F      G
               +--------+--------+--------+--------+--------+-----+--------+
         Total |   4189 |   4036 |    153 |    302 |   2616 |   5 |  837.8 |
       Dungeon |   4189 |   4036 |    153 |    302 |   2616 |   5 |  837.8 |
               +--------+--------+--------+--------+--------+-----+--------+

Top non-repeatable levels by time:
     D:4: 1286 daAuts
     D:1: 915 daAuts
     D:3: 774 daAuts
     D:2: 665 daAuts
     D:5: 547 daAuts
